 Dungeon Crawl Stone Soup version 0.29-a0-824-gd827844252 (webtiles) character file.

Game seed: 16823652434093973379

1886 Garessta the Summoner (level 8, -7/32 HPs)
             Began as a Felid Summoner on July 9, 2022.
             Killed from afar by capka3m's ghost (21 damage)
             ... with a stone arrow
             ... on level 7 of the Dungeon.
             The game lasted 00:31:42 (8488 turns).

Garessta the Summoner (Felid Summoner)              Turns: 8488, Time: 00:31:42

Health: -7/32      AC:  2    Str:  4    XL:     8   Next: 92%
Magic:  13/20      EV: 18    Int: 21    God:
Gold:   389        SH:  0    Dex: 16    Spells: 2/22 levels left
                                        Lives:  0   Deaths: 2

rFire   . . .      SeeInvis +   (weapon unavailable)
rCold   . . .      Faith    .   (shield unavailable)
rNeg    . . .      Spirit   .   (body armour unavailable)
rPois   .          Reflect  .   (helmet unavailable)
rElec   .          Harm     .   (cloak unavailable)
rCorr   .          Rampage  .   (gloves unavailable)
Will    +....                   (boots unavailable)
Stlth   ++........              n - amulet of magic regeneration
HPRegen 0.10/turn               (no ring)
MPRegen 0.57/turn               (no ring)

@: lethally poisoned (-7 -> -19), unable to read, quick
A: very small, claws 1, fangs 3, see invisible, speed 1, shaggy fur 2, stealthy
paws, no weapons or thrown items, no armour, multi-lived, horns 1, inability to
read while threatened 1, MP-powered wands
a: no special abilities


You were on level 7 of the Dungeon.
You visited 2 branches of the dungeon, and saw 8 of its levels.

You collected 389 gold pieces.

Inventory:

Jewellery
 n - an amulet of magic regeneration (around neck)
 q - a ring of willpower
Wands
 v - a wand of flame (16)
 w - a wand of polymorph (11)
 y - a wand of digging (2)
Scrolls
 c - 5 scrolls of teleportation {unknown}
 d - a scroll of fog {unknown}
 e - 3 scrolls of poison {unknown}
 g - a scroll of enchant weapon {unknown}
 m - a scroll of blinking {unknown}
 o - a scroll of vulnerability {unknown}
 p - a scroll of magic mapping {unknown}
 s - a scroll of fear {unknown}
 t - a scroll of amnesia {unknown}
Potions
 a - a potion of magic
 b - 2 potions of might
 f - 2 potions of berserk rage
 h - a potion of resistance {unknown}
 i - 2 potions of curing
 j - 3 potions of ambrosia
 k - a potion of invisibility {unknown}
 l - 5 potions of heal wounds
 r - a potion of degeneration {unknown}
 u - a potion of haste {unknown}
 x - a potion of lignification {unknown}


   Skills:
 + Level 1.3 Fighting
 + Level 3.4 Dodging
 - Level 2.6 Stealth
 + Level 7.7 Spellcasting
 + Level 5.0 Hexes
 + Level 9.1 Summonings
 + Level 0.0 Necromancy
 + Level 6.3 Air Magic


You had 2 spell levels left.
You knew the following spells:

 Your Spells              Type           Power      Damage    Failure   Level
a - Call Canine Familiar  Summ           46%        N/A       1%          3
b - Summon Guardian Gole  Hex/Summ       37%        N/A       1%          3
c - Summon Lightning Spi  Summ/Air       40%        N/A       3%          4
d - Anguish               Hex/Necr       9%         N/A       28%         4
e - Summon Small Mammal   Summ           100%       N/A       1%          1
g - Call Imp              Summ           46%        N/A       1%          2
i - Tukima's Dance        Hex            29%        N/A       3%          3

Your spell library contained the following spells:

 Spells                   Type           Power      Damage    Failure   Level
 Poisonous Vapours        Pois/Air       42%        N/A       3%          2
 Ensorcelled Hibernation  Hex/Ice        36%        N/A       4%          2
 Sting                    Tmut/Pois      32%        1d4       9%          1
 Spider Form              Tmut/Pois      8%         N/A       24%         3
 Olgreb's Toxic Radiance  Pois           8%         N/A       63%         4
 Freezing Cloud           Conj/Ice/Air   8%         6-21      67%         5
 Blade Hands              Tmut           4%         N/A       92%         5
 Fireball                 Conj/Fire      4%         3d4       92%         5
 Starburst                Conj/Fire      4%         6d3       100%        6
 Borgnjor's Revivificati  Necr           4%         N/A       100%        8
 Necromutation            Tmut/Necr      4%         N/A       100%        8
 Death's Door             Necr           4%         N/A       100%        9
 Portal Projectile        Hex/Tloc       Unusable   N/A       N/A         3

Dungeon Overview and Level Annotations

Branches:
Dungeon (7/15)             Temple (1/1) D:4

Altars:
Dithmenos
Elyvilon
Fedhas
Kikubaaqudgha
Makhleb
Nemelex Xobeh
Okawaru
Ru
Sif Muna
Trog
Uskayaw
Vehumet
Wu Jian
Xom
Yredelemnul
The Shining One

Shops:
D:5 :

Annotations:
D:7 capka3m's ghost, novice MeEE


Innate Abilities, Weirdness & Mutations

You have sharp claws.
You have razor-sharp teeth.
You have supernaturally acute eyesight. (SInv)
You cover ground quickly. (Speed+)
You are covered in thick fur. (AC +2)
Your paws help you pounce on unaware monsters.
You are incapable of wielding weapons or throwing items.
You cannot wear armour.
You gain extra lives every three experience levels.
You have a pair of small horns on your head.
You occasionally lose the ability to read scrolls when taking damage.
You expend magic power (3 MP) to strengthen your wands.


Message History

Your crimson imp closely misses the kobold brigand.
You feel sick.
Your wolf bites the kobold brigand.
The kobold brigand completely misses your wolf.
The kobold brigand throws a curare-tipped dart.
The curare-tipped dart hits your crimson imp.
Your crimson imp misses the kobold brigand.
The kobold brigand throws a poisoned dart.
The poisoned dart hits you!
You are more poisoned.
Your wolf misses the kobold brigand.
You feel very sick.
Your wolf bites the kobold brigand but does no damage.
The kobold brigand hits your wolf with a +0 short sword.
The kobold brigand hits your crimson imp with a +0 whip of venom!
Your crimson imp is poisoned.
Your crimson imp closely misses the kobold brigand.
The kobold brigand throws a poisoned dart.
The poisoned dart hits you!
You are more poisoned.
You feel very sick.
Your wolf misses the kobold brigand.
Your wolf bites the kobold brigand but does no damage.
The kobold brigand hits your wolf with a +0 short sword!
The kobold brigand barely misses your crimson imp.
Capka3m's ghost points at you and mumbles some strange words.
The stone arrow misses you.
Your crimson imp closely misses the kobold brigand.
You feel very sick.
Okay, then.
You feel very sick.
Casting: Summon Lightning Spire (quite dangerous; 3% risk of failure)
Confirm with . or Enter, or press ? or * to list all spells.
A guardian golem appears, shielding your allies.
You feel very sick.
Your guardian golem disappears in a puff of smoke!
Capka3m's ghost gestures at you while chanting.
The stone arrow hits you!!
You feel threatened and lose the ability to read scrolls!
Ouch! That really hurt!
You die...

###...#.###.#####...####....)....
##........# ##h.# ##........
####.##### ####.# ##.....#. #.#
#....# ##...##. #.# #<####
##+###. #.# #.# #.# #. #.# #9#
#.# #. #.# #.# ##.###. # #9# #@#
##...##. # #.# #.# #.....##
#######.# ##W## ####.....#
...9....# #..ยง######........#
######### #.......8..#.......
#....K5h....#.....#
###.##'KK##.##...##
###KKKKK####..## #..#K#..# #.##


You could see a kobold brigand, capka3m's ghost and a friendly guardian golem
(summoned).

Vanquished Creatures
  A bat (D:2)
  An endoplasm (D:2)
  A hobgoblin (D:1)
  A rat (D:2)
4 creatures vanquished.

Vanquished Creatures (collateral kills)
  A water moccasin (D:6)
  A sky beast (D:7)
  An orc warrior (D:6)
  2 ice beasts
  A black bear (D:6)
  2 phantoms
  3 bullfrogs
  3 scorpions
  Dowan (D:7)
  2 wights (D:7)
  A centaur zombie (D:4)
  A bullfrog zombie (D:4)
  2 jellies
  An orc priest (D:6)
  3 hounds
  3 iguanas
  A scorpion zombie (D:4)
  Natasha (thrice) (D:3)
  4 orc wizards
  A hound zombie (D:4)
  6 adders
  4 gnolls
  2 shadow imps
  A white imp (D:7)
  An adder zombie (D:4)
  2 worms
  2 dart slugs (D:4)
  19 orcs
  6 ball pythons
  9 endoplasms
  4 giant cockroaches
  5 goblins
  7 hobgoblins
  4 jackals (D:2)
  4 frilled lizards
  3 kobolds
  3 rats
119 creatures vanquished.

Vanquished Creatures (others)
  Maggie (D:7)
  A wyvern (D:7)
  Duvessa (D:7)
  An orc warrior (D:4)
  An ice beast (D:5)
  An ogre (D:6)
  A black bear (D:6)
  A centaur (D:7)
  A gnoll sergeant (D:5)
  A bullfrog (D:7)
  A scorpion (D:7)
  6 wights (D:7)
  5 gnolls (D:5)
  A shadow imp (D:5)
  2 fungi (D:7)
  2 plants (D:7)
27 creatures vanquished.

Grand Total: 150 creatures vanquished

Notes
Turn   | Place    | Note
-------+----------+-------------------------------------------
     0 | D:1      | Garessta the Felid Summoner began the quest for the Orb.
     0 | D:1      | Reached XP level 1. HP: 7/7 MP: 4/4
   296 | D:1      | You fall into a shaft and drop 1 floor!
   310 | D:2      | Reached XP level 2. HP: 11/11 MP: 6/6
   313 | D:2      | Learned a level 2 spell: Call Imp
   436 | D:2      | Found a shimmering altar of Xom.
   446 | D:2      | Reached XP level 3. HP: 13/14 MP: 5/8
   475 | D:2      | Got Niuha's Treatise on Damage Dealing
  1029 | D:2      | Learned a level 3 spell: Call Canine Familiar
  1517 | D:2      | Found a faded altar of an unknown god.
  1947 | D:3      | Noticed Natasha
  1955 | D:3      | Killed Natasha
  1956 | D:3      | Reached skill level 5 in Summonings
  1956 | D:3      | Reached XP level 4. HP: 18/18 MP: 2/9
  1976 | D:3      | Learned a level 3 spell: Summon Guardian Golem
  2492 | D:3      | Noticed an ice beast
  2505 | D:3      | Killed an ice beast
  2506 | D:3      | Reached XP level 5. HP: 21/21 MP: 3/11
  2745 | D:3      | Noticed Natasha
  2756 | D:3      | Killed Natasha
  2897 | D:3      | Noticed Natasha
  2907 | D:3      | Killed Natasha
  3050 | D:4      | Gained mutation: You are covered in thick fur. (AC +2)
                  | [Felid growth]
  3050 | D:4      | Reached XP level 6. HP: 24/24 MP: 10/13
  3056 | D:4      | Learned a level 4 spell: Summon Lightning Spire
  3166 | D:4      | Found a basalt altar of Yredelemnul.
  3238 | D:4      | Noticed an orc warrior
  3296 | D:4      | Killed an orc warrior
  3297 | D:4      | Reached skill level 1 in Air Magic
  3606 | D:4      | Found a burning altar of Makhleb.
  3701 | D:4      | Found a staircase to the Ecumenical Temple.
  3720 | Temple   | Entered the Ecumenical Temple
  4183 | D:4      | Reached skill level 6 in Summonings
  4183 | D:4      | Reached XP level 7. HP: 27/27 MP: 14/14
  4460 | D:5      | Entered Level 5 of the Dungeon
  4472 | D:5      | Reached skill level 5 in Hexes
  4658 | D:5      | Reached skill level 5 in Spellcasting
  4933 | D:5      | Reached XP level 8. HP: 31/31 MP: 16/16
  5051 | D:5      | Found Ihoeth's Self-Improvement Boutique.
  5612 | D:5      | Reached skill level 7 in Summonings
  5985 | D:6      | Gained mutation: Your body sometimes deteriorates upon
                  | taking damage. [potion of mutation]
  5985 | D:6      | Gained mutation: You are partially covered in iridescent
                  | scales. (AC +2) [potion of mutation]
  5985 | D:6      | Gained mutation: You are robust. (+10% HP) [potion of
                  | mutation]
  5986 | D:6      | Lost mutation: Your body sometimes deteriorates upon taking
                  | damage. [potion of mutation]
  5986 | D:6      | Lost mutation: You are partially covered in iridescent
                  | scales. (AC +2) [potion of mutation]
  5986 | D:6      | Lost mutation: You are robust. (+10% HP) [potion of
                  | mutation]
  5986 | D:6      | Gained mutation: You are resistant to electric shocks.
                  | (rElec) [potion of mutation]
  5986 | D:6      | Gained mutation: You are occasionally teleported next to
                  | monsters. [potion of mutation]
  5986 | D:6      | Gained mutation: You expend magic power (3 MP) to
                  | strengthen your wands. [potion of mutation]
  5987 | D:6      | Lost mutation: You expend magic power (3 MP) to strengthen
                  | your wands. [potion of mutation]
  5987 | D:6      | Lost mutation: You are occasionally teleported next to
                  | monsters. [potion of mutation]
  5987 | D:6      | Lost mutation: You are resistant to electric shocks.
                  | (rElec) [potion of mutation]
  5987 | D:6      | Gained mutation: You occasionally lose the ability to read
                  | scrolls when taking damage. [potion of mutation]
  5987 | D:6      | Gained mutation: You have hidden genetic potential. [potion
                  | of mutation]
  6124 | D:6      | Shot with a bolt by an orc warrior
  6125 | D:6      | Reached XP level 7. HP: -2/27 MP: 13/16
  6414 | D:6      | Reached XP level 8. HP: 31/31 MP: 13/18
  6807 | D:6      | Reached skill level 8 in Summonings
  7010 | D:7      | Reached skill level 5 in Air Magic
  7045 | D:7      | Gained mutation: You expend magic power (3 MP) to
                  | strengthen your wands. [hidden potential]
  7236 | D:7      | Reached XP level 9. HP: 22/34 MP: 18/20
  7237 | D:7      | Shot with an arrow by a centaur
  7238 | D:7      | Reached XP level 8. HP: -2/31 MP: 16/19
  7285 | D:7      | Noticed Maggie
  7304 | D:7      | Killed Maggie
  7476 | D:7      | Reached skill level 9 in Summonings
  7519 | D:7      | Gained mutation: You have a pair of small horns on your
                  | head. [hidden potential]
  7519 | D:7      | Lost mutation: You have hidden genetic potential. [hidden
                  | potential expressed]
  7940 | D:7      | Found a runed translucent gate.
  7941 | D:7      | Found a runed translucent gate.
  7942 | D:7      | Found a runed translucent gate.
  7944 | D:7      | Noticed capka3m's ghost (novice MeEE)
  8161 | D:7      | Noticed Dowan
  8165 | D:7      | Noticed Duvessa
  8170 | D:7      | Killed Dowan
  8177 | D:7      | Killed Duvessa
  8178 | D:7      | Reached skill level 1 in Fighting
  8472 | D:7      | Learned a level 3 spell: Tukima's Dance
  8477 | D:7      | Learned a level 4 spell: Anguish
  8488 | D:7      | Killed from afar by capka3m's ghost

Illustrated notes

Levels and vault maps discovered:
D:1:      evilmike_arrival_fibonacci_small, layout_rooms,
          minmay_misc_feat_encased
D:2:      layout_basic, ebering_ecumenical_altar_mist, basic_altar,
          minmay_tetromino_o2
D:3:      layout_loops_ring, uniq_natasha
D:4:      layout_rooms, kennysheep_mini, nicolae_yredelemnul_corpse_copse,
          minmay_temple_entry_grid
D:5:      layout_loops_cross, hangedman_abyss_or_decor_passed, minivault_1,
          nicolae_shop_self_help
D:6:      layout_gridville
D:7:      layout_loops_corners, gammafunk_ghost_nasty_kobolds,
          kennysheep_generic_room_12, uniq_maggie, uniq_duvessa
Temple:   compressed_dpeg_triangle_lava_temple

Skill      XL: |  1  2  3  4  5  6  7  8 |
---------------+-------------------------+-----
Spellcasting   | 3 4 6 7 |  7.7
Summonings     | 5 6 9 |  9.1
Hexes          | 2 3 4 5 |  5.0
Air Magic      | 1 4 6 |  6.3
Dodging        | 3 |  3.4
Fighting       | 1 |  1.3
Stealth        | |  2.6

Action                   |  1- 3 |  4- 6 |  7- 9 || total
-------------------------+-------+-------+-------++-------
Melee: Unarmed           |    11 |     1 |       ||    12
       Bite              |     3 |       |       ||     3
 Cast: Summon Small Mamm |    30 |     4 |       ||    34
       Call Imp          |    12 |    19 |     8 ||    39
       Call Canine Famil |     2 |    15 |    43 ||    60
       Summon Guardian G |       |     3 |    54 ||    57
       Summon Lightning  |       |       |     6 ||     6
  Use: Scroll            |       |       |     6 ||     6
       Potion            |       |       |     3 ||     3
 Stab: Sleeping          |     2 |     1 |       ||     3
Armor: Skin              |     1 |     4 |     1 ||     6
Dodge: Dodged            |    24 |     6 |    16 ||    46

Table legend: (Time is in decaauts)
 A = Elapsed time spent in this place.
 B = Non-inter-level travel time spent in this place.
 C = Inter-level travel time spent in this place.
 D = Time resting spent in this place.
 E = Time spent auto-exploring this place.
 F = Levels seen in this place.
 G = Mean time per level.
                   A        B        C        D        E       F      G
               +--------+--------+--------+--------+--------+-----+--------+
         Total |   7421 |   7335 |     86 |    590 |   4766 |   8 |  927.6 |
       Dungeon |   7111 |   7027 |     84 |    590 |   4468 |   7 | 1015.9 |
        Temple |    309 |    307 |      2 |      0 |    298 |   1 |  309.0 |
               +--------+--------+--------+--------+--------+-----+--------+

Top non-repeatable levels by time:
     D:5: 1360 daAuts
     D:7: 1344 daAuts
     D:3: 1313 daAuts
     D:6: 814 daAuts
     D:2: 799 daAuts
     D:4: 796 daAuts
     D:1: 682 daAuts
  Temple: 309 daAuts
